 Dungeon Crawl Stone Soup version 0.29.0-4-gdea44cf6ec (webtiles) character file.

Game seed: 11784175161960885480

56 qw the Chopper (level 3, -2/27 (29) HPs)
             Began as a Barachi Chaos Knight on Sept 4, 2022.
             Slain by an orange demon (11 damage)
             ... summoned by Xom
             ... on level 2 of the Dungeon.
             The game lasted 00:00:35 (1338 turns).

qw the Chopper (Barachi Chaos Knight)               Turns: 1338, Time: 00:00:35

HP:   -2/27 (29)    AC:  5    Str: 15    XL:     3   Next: 97%
MP:   3/3           EV: 11    Int: 12    God:
Gold: 86            SH:  0    Dex: 11    Spells: 2/2 levels left

rFire   . . .      SeeInvis .   Y - +0 hand axe (chaos)
rCold   . . .      Faith    .   (no shield)
rNeg    . . .      Spirit   .   b - +2 leather armour
rPois   .          Reflect  .   (no helmet)
rElec   .          Harm     .   (no cloak)
rCorr   .          Rampage  .   (no gloves)
Will    .....                   (no boots)
Stlth   +.........              (no amulet)
HPRegen 0.09/turn               (no ring)
MPRegen 0.08/turn               (no ring)

@: drained, slow
A: amphibious, slowness 1, strong legs 1, +LOS
a: Hop


You were on level 2 of the Dungeon.
You visited 1 branch of the dungeon, and saw 2 of its levels.

You collected 86 gold pieces.


Innate Abilities, Weirdness & Mutations

You are amphibious.
You cover ground slowly.
You can hop short distances.
You have an extended range of vision and can be seen from far away.


   Skills:
 - Level 3.6 Fighting
 + Level 5.2 Axes
 - Level 2.4 Armour
 - Level 1.1 Dodging


You had 2 spell levels left.
You didn't know any spells.
Your spell library was empty.

Inventory:

Hand Weapons
 d - a +0 mace
 Y - a +0 hand axe of chaos (weapon)
Armour
 b - a +2 leather armour (worn)
 j - a +0 pair of boots
Scrolls
 a - a scroll of identify
 e - a scroll of vulnerability {unknown}
 k - a scroll of magic mapping {unknown}
Potions
 f - 2 potions of lignification {unknown}
 g - a potion of heal wounds {unknown}
 h - 3 potions of curing {unknown}
 i - a potion of berserk rage {unknown}
Miscellaneous
 c - a piece from Xom's chessboard (15/15)

Dungeon Overview and Level Annotations

Branches:
Dungeon (2/15)

Altars:


Message History

You hit the dart slug but do no damage.
The dart slug is poisoned.
The dart slug is moderately wounded.
The dart slug splashes around in the water.
You hit the dart slug.
The dart slug looks even sicker.
You punch the dart slug, but do no damage.
The dart slug is almost dead.
You kill the dart slug! "Time to have some fun!"
An iron imp comes into view.
You hit the orange demon.
The orange demon seems to speed up.
The orange demon is lightly wounded.
You closely miss the soul eater. You closely miss the crimson imp. x2
You hit the ufetubus. You hit the iron imp but do no damage.
You hit the orange demon but do no damage.
The orange demon is poisoned.
The orange demon is lightly wounded.
You hit the crimson imp. You hit the ufetubus.
The ufetubus convulses.
You kill the ufetubus!
The ufetubus disappears in a puff of smoke!
You completely miss the iron imp.
You hit the soul eater but do no damage.
You closely miss the crimson imp. The orange demon barely misses you.
The orange demon closely misses you.
The crimson imp hits you but does no damage.
The crimson imp hits you. The soul eater hits you!
Ouch! That really hurt!
You feel drained.
You barely miss the orange demon.
The orange demon is lightly wounded.
You hit the quasit but do no damage. You barely miss the crimson imp.
You closely miss the quasit. You hit the iron imp.
The iron imp seems to speed up.
You closely miss the soul eater. You closely miss the ufetubus.
You hit the crimson imp.
The crimson imp's magic leaks into the air.
The orange demon splashes around in the water.
The orange demon closely misses you. The quasit closely misses you.
The quasit claws you but does no damage.
The quasit barely misses you. The orange demon stings you!
You die...
Xom yawns loudly!

.# .# ### .# # #~# .#
.# #. #~##.# .#
.##~~#.# .###### #
..~~..# ......#
#.#.~~.## #####.#
##.#4355.## ....#.#
#..55@55.?# ##.##.####
#..4555.~.#
...##....#.#....5~...#
########.#.#.....~...#
#.#......~~...#
#.###..~~~~...#
#.###.....~.~.#
#........~~.~.#
#####.#.~~~.~.#


You could see a soul eater (summoned), an orange demon (summoned, fast, very
poisoned), a rust devil (summoned), 3 iron imps, 3 quasits, 3 crimson imps and
an ufetubus (summoned).

Vanquished Creatures
  Jessica (D:2)
  A dart slug (D:2)
  A ball python (D:1)
  6 bats
  2 endoplasms (D:1)
  2 giant cockroaches (D:1)
  3 goblins (D:1)
  A hobgoblin (D:1)
  2 quokkas (D:1)
  2 frilled lizards
  8 rats
29 creatures vanquished.

Notes
Turn   | Place    | Note
-------+----------+-------------------------------------------
     0 | D:1      | qw the Barachi Chaos Knight began the quest for the Orb.
     0 | D:1      | Reached XP level 1. HP: 18/18 MP: 1/1
     0 | D:1      | 0 ||| qw: Version: 0.1-a-103-gd6f5d3a
     0 | D:1      | 0 ||| qw: Game counter: 5662
     0 | D:1      | 0 ||| qw: Always use a shield: true
     0 | D:1      | 0 ||| qw: God list: Okawaru
     0 | D:1      | 0 ||| qw: Allow faded altars: false
     0 | D:1      | 0 ||| qw: Do Orc after D:15 true
     0 | D:1      | 0 ||| qw: Do second Lair branch before Depths: true
     0 | D:1      | 0 ||| qw: Lair rune preference: random
     0 | D:1      | 0 ||| qw: Plans: Normal
     0 | D:1      | 0 ||| PLANNING D:1-11
     0 | D:1      | Fell from the grace of Xom
   177 | D:1      | Reached XP level 2. HP: 20/24 MP: 2/2
   461 | D:1      | Reached skill level 4 in Axes
   463 | D:1      | 463 ||| Stepping ~*~*~tactically~*~*~ (stealth).
   464 | D:1      | 464 ||| Stepping ~*~*~tactically~*~*~ (stealth).
   468 | D:1      | 468 ||| Stepping ~*~*~tactically~*~*~ (stealth).
   603 | D:1      | 603 ||| Stepping ~*~*~tactically~*~*~ (stealth).
   616 | D:1      | 616 ||| Stepping ~*~*~tactically~*~*~ (stealth).
   707 | D:1      | 707 ||| Stepping ~*~*~tactically~*~*~ (stealth).
   711 | D:1      | Found a faded altar of an unknown god.
   780 | D:1      | Reached XP level 3. HP: 29/29 MP: 3/3
   836 | D:1      | XOM: scenery: summon butterflies
   927 | D:1      | 927 ||| READING 2 scrolls labelled QYGUME PUCUI.
   928 | D:1      | 928 ||| READING scroll labelled OFUYHACZ TAELL.
   957 | D:2      | Noticed Jessica
   958 | D:2      | 958 ||| FLEEEEING.
   960 | D:2      | 960 ||| STAIRDANCE
  1101 | D:2      | Killed Jessica
  1102 | D:2      | Reached skill level 5 in Axes
  1335 | D:2      | XOM: summons 14 hostile demons
  1336 | D:2      | Noticed an orange demon
  1336 | D:2      | Noticed a soul eater
  1336 | D:2      | Noticed a rust devil
  1338 | D:2      | Slain by an orange demon

Levels and vault maps discovered:
D:1:      heliophobic_arrival_glass_houses, layout_loops_ring,
          shapermc_ecumenical_altar_mp_highgroup
D:2:      layout_basic, chequers_serial_rivers_small_3, uniq_jessica

Skill      XL: |  1  2  3 |
---------------+----------+-----
Axes           | 4 5 |  5.2
Fighting       | |  3.6
Armour         | |  2.4
Dodging        | |  1.1

Action                   || total
-------------------------++-------
Melee: Hand axe          ||    74
       Punch             ||     2
Invok: Renounce Religion ||     1
  Use: Scroll            ||     2
Armor: Leather armour    ||    36
Dodge: Dodged            ||    30

Table legend:
 A = Non-vault XP
 B = Vault XP
 C = Vault XP percentage of total XP
 D = Non-vault monster count
 E = Vault monster count
 F = Vault count percentage of total count
                 A         B        C        D         E       F
            +---------+---------+-------+---------+---------+-------
      Total |      44 |      37 |  45.7 |      28 |       1 |   3.4
            +---------+---------+-------+---------+---------+-------
        D:1 |      34 |       0 |   0.0 |      22 |       0 |   0.0
        D:2 |      10 |      37 |  78.7 |       6 |       1 |  14.3
            +---------+---------+-------+---------+---------+-------
